Map: Rosanegro LE

Players

Rebel

  • Race: Protoss Protoss
  • League: Silver
  • Spawn Location: 1:00

IagoAbreu - Winner!

  • Race: Zerg Zerg
  • League: Gold
  • Spawn Location: 7:00

VOD

Have the link to the VOD?

Description

Time

  • Played on: April 8, 2018, 3:35 p.m.
  • Length: 8:38
Show
View Real Time Build Order
Export as new Build Order

Rebel Protoss 

Build Orders: Oracle Opening 

Get SALT Encoding   

  12  0:12  Pylon  
  13  0:14  Probe (Chrono Boost)  
  13  0:26  Probe (Chrono Boost)  
  14  0:34  Gateway  
  14  0:39  Assimilator  
  14  0:44  Probe  
  15  1:06  Probe  
  15  1:07  Pylon  
  16  1:16  Assimilator  
  16  1:22  Zealot  
  18  1:31  Cybernetics Core  
  18  1:35  Probe (Chrono Boost)  
  19  1:46  Probe (Chrono Boost)  
  20  1:51  Probe (Chrono Boost)  
  21  2:08  Stargate  
  21  2:14  Probe (Chrono Boost)  
  22  2:25  Probe (Chrono Boost)  
  22  2:26  Zealot  
  25  2:30  Probe (Chrono Boost)  
  26  2:51  Gateway  
  26  2:56  Stalker  
  28  2:59  Warp Gate  
  28  3:05  Oracle  
  31  3:12  Pylon  
  31  3:24  Pylon  
  31  3:30  Probe  
  31  3:31  Stalker  
  34  3:47  Robotics Facility  
  34  3:56  Stargate  
  34  4:07  Void Ray  
  38  4:18  Nexus  
  31  5:04  Pylon  
  31  5:06  Observer  
  32  5:08  Void Ray  
  36  5:14  Zealot  
  36  5:15  Zealot  
  40  5:26  Pylon  
  40  5:31  Probe  
  42  5:35  Probe  
  42  5:41  Stalker  
  44  5:43  Zealot  
  44  5:44  Probe  
  44  5:48  Probe (Chrono Boost)  
  48  5:51  Void Ray  
  48  5:56  Probe (Chrono Boost)  
  53  6:01  Probe (Chrono Boost)  
  54  6:06  Probe (Chrono Boost)  
  54  6:09  Probe (Chrono Boost)  
  56  6:17  Zealot x2  
  60  6:19  Probe  
  61  6:32  Probe  
  62  6:34  Void Ray  
  62  6:39  Immortal  
  70  6:50  Twilight Council  
  70  6:55  Gateway  
  70  7:01  Forge  
  70  7:09  Probe  
  70  7:11  Pylon  
  71  7:19  Assimilator  
  71  7:21  Probe  
  72  7:24  Assimilator  
  52  8:32  Zealot x2  
Show
View Real Time Build Order
Export as new Build Order

IagoAbreu Zerg - Winner!

Build Orders: Pool First 

Get SALT Encoding   

  12  0:01  Drone  
  13  0:23  Spawning Pool  
  13  0:25  Drone  
  13  0:37  Overlord  
  13  0:39  Drone  
  14  0:47  Overlord  
  14  0:51  Extractor  
  14  0:54  Drone  
  14  1:02  Overlord  
  14  1:14  Queen  
  16  1:20  Drone  
  16  1:25  Drone  
  18  1:32  Zergling x2  
  19  1:43  Zergling x2  
  20  2:05  Hatchery  
  19  2:12  Queen  
  19  2:14  Zergling x2  
  22  2:18  Drone  
  23  2:28  Evolution Chamber  
  22  2:36  Drone x2  
  24  2:38  Drone  
  24  2:43  Drone  
  25  3:09  Lair  
  25  3:22  Drone  
  26  3:29  Zergling x6  
  29  3:47  Zergling x10  
  34  4:12  Zerg Melee Weapons Level 1  
  34  4:13  Metabolic Boost  
  34  4:24  Overseer  
  27  4:43  Drone x4  
  27  4:44  Drone  
  23  4:58  Drone x5  
  23  4:59  Drone x3  
  31  5:00  Queen  
  31  5:02  Queen  
  35  5:08  Extractor  
  34  5:37  Hatchery  
  33  5:56  Pneumatized Carapace  
  33  6:34  Queen  
  33  6:37  Zergling x2  
  33  6:38  Overlord  
  33  6:39  Overlord x3  
  36  6:42  Overlord x2  
  36  6:56  Drone  
  37  7:13  Queen  
  39  7:19  Hydralisk Den  
  38  7:25  Spore Crawler  
  37  7:30  Spore Crawler  
  37  7:33  Zergling x8  
  37  7:34  Zergling x8  
  37  7:36  Zergling x2  
  37  7:37  Zergling x12  
  47  7:38  Zergling x10  
  47  7:39  Zergling x6  
  59  7:55  Hydralisk x3  
Tags
 
Add a new tag
Caveats
  • Supply blocks, unpowered buildings, or Contaminate may cause inaccurate times.
  • Supply counts are checked every 10 seconds.